 Dungeon Crawl Stone Soup version 0.30-a0-354-g6b83867211 (webtiles) character file.

Game seed: 7970921427838622900

23 IdlyInterested the Grasshopper (level 2, -1/21 HPs)
             Began as a Demonspawn Wanderer on Nov 7, 2022.
             Slain by a worm (9 damage)
             ... on level 2 of the Dungeon.
             The game lasted 00:03:01 (1258 turns).

IdlyInterested the Grasshopper (DsWn)               Turns: 1258, Time: 00:03:02

Health: -1/21      AC:  3    Str: 14    XL:     2   Next: 75%
Magic:  3/3        EV: 10    Int: 13    God:
Gold:   26         SH:  4    Dex: 10    Spells: 2/3 levels left

rFire   . . .      SeeInvis .    a - +0 hand axe
rCold   . . .      Faith    .    b - +0 buckler
rNeg    . . .      Spirit   .    d - +0 leather armour
rPois   .          Reflect  .    (no helmet)
rElec   .          Harm     .    (no cloak)
rCorr   .          Rampage  .    (no gloves)
Will    .....                    (no boots)
Stlth   +.........               (no amulet)
HPRegen 0.23/turn                (no ring)
MPRegen 0.16/turn                (no ring)

@: no status effects
A: magic regeneration
a: no special abilities


You were on level 2 of the Dungeon.
You visited 1 branch of the dungeon, and saw 2 of its levels.

You collected 26 gold pieces.

Inventory:

Hand Weapons
 a - a +0 hand axe (weapon)
 e - a +0 dagger
Missiles
 j - 6 poisoned darts
Armour
 b - a +0 buckler (worn)
 d - a +0 leather armour (worn)
Potions
 c - a potion of invisibility
 g - a potion of curing
 h - a potion of lignification {unknown}


   Skills:
 * Level 1.3 Fighting
 + Level 1.5 Axes
 * Level 0.2 Throwing
 - Level 1.0 Armour
 - Level 1.0 Dodging
 - Level 1.0 Stealth
 - Level 2.6 Shields
 - Level 1.0 Spellcasting
 - Level 2.6 Translocations


You had 2 spell levels left.
You knew the following spells:

 Your Spells              Type           Power      Damage    Failure   Level
a - Apportation           Tloc           14%        N/A       16%         1

Your spell library contained the following spells:

 Spells                   Type           Power      Damage    Failure   Level
 Shock                    Conj/Air       0%         1d3       43%         1
 Gell's Gravitas          Tloc           7%         N/A       43%         3
 Lesser Beckoning         Tloc           14%        N/A       43%         3


Dungeon Overview and Level Annotations

Branches:
Dungeon (2/15)

Altars:


Innate Abilities, Weirdness & Mutations

You regenerate magic rapidly.


Message History

The giant cockroach barely misses you. The worm bites you!
You barely miss the giant cockroach. You barely miss the worm.
The giant cockroach barely misses you. The worm bites you!
* * * LOW HITPOINT WARNING * * *
The giant cockroach closely misses you.
You barely miss the giant cockroach. The giant cockroach bites you.
* * * LOW HITPOINT WARNING * * *
The giant cockroach closely misses you.
You feel better. The giant cockroach closely misses you.
You hit the giant cockroach.
You kill the giant cockroach!
You barely miss the worm. You hit the worm.
The worm is lightly wounded.
The worm bites you.
You hit the worm but do no damage. The worm bites you but does no damage.
You hit the worm.
The worm is lightly wounded.
The worm closely misses you.
You barely miss the worm.
The worm is lightly wounded.
The worm bites you.
You barely miss the worm.
The worm is lightly wounded.
Your butterfly disappears in a burst of colours!
You hit the worm.
The worm is moderately wounded.
The worm closely misses you.
You hit the worm.
The worm is heavily wounded.
Your butterfly disappears in a burst of colours!
The worm bites you.
You hit the worm.
The worm is severely wounded.
The worm bites you but does no damage.
You barely miss the worm.
The worm is severely wounded.
Your butterfly disappears in a burst of colours! x2
The worm bites you!
You die...

#.................
......bb..........
....bbbb..........
.......bb.........
).b....b..........
$....b.b..........
........##........
.######w#####.....
##@## .### #...#
#########...#
............#
............#
.........†(.#
............#
.........####
####..<##


You could see a worm.

Vanquished Creatures
  A dart slug (D:1)
  4 ball pythons (D:1)
  An endoplasm (D:1)
  A giant cockroach (D:2)
  A goblin (D:1)
  4 hobgoblins (D:1)
  2 kobolds
  A quokka (D:2)
  A bat (D:1)
  A frilled lizard (D:1)
  A rat (D:1)
18 creatures vanquished.

Notes
Turn   | Place    | Note
-------+----------+-------------------------------------------
     0 | D:1      | IdlyInterested the Demonspawn Wanderer began the quest for
                  | the Orb.
     0 | D:1      | IdlyInterested set off with the following items: a +0 hand
                  | axe, a +0 buckler, a potion of invisibility, a +0 leather
                  | armour; and the following spell memorised: Apportation; and
                  | the following spells available to memorise: Gell's
                  | Gravitas, Lesser Beckoning.
     0 | D:1      | Reached XP level 1. HP: 13/13 MP: 2/2
   195 | D:1      | Reached skill level 1 in Fighting
   195 | D:1      | Gained mutation: You regenerate magic rapidly. [demonic
                  | ancestry]
   195 | D:1      | Reached XP level 2. HP: 6/21 MP: 3/3
   699 | D:1      | Reached skill level 1 in Dodging
   719 | D:1      | Found a faded altar of an unknown god.
   723 | D:1      | Got Plato's Omnibus of Striking
  1258 | D:2      | Slain by a worm

Illustrated notes

Levels and vault maps discovered:
D:1:      lightli_arrival_statue_moat, layout_loops_corners,
          shapermc_ecumenical_altar_rom_forum
D:2:      wad_pebble_path, layout_basic, minmay_hexomino_r4, uniq_natasha

Skill      XL: |  1  2 |
---------------+-------+-----
Fighting       | 1 |  1.3
Dodging        | 1 |  1.0
Axes           | |  1.5
Throwing       | |  0.2
Armour         | |  1.0
Stealth        | |  1.0
Shields        | |  2.6
Spellcasting   | |  1.0
Translocations | |  2.6

Action                   || total
-------------------------++-------
Melee: Hand axe          ||    96
  Use: Scroll            ||     2
       Potion            ||     2
 Stab: Sleeping          ||     1
Armor: Leather armour    ||    24
Dodge: Dodged            ||    40
Block: Buckler           ||    16

Table legend: (Time is in decaauts)
 A = Elapsed time spent in this place.
 B = Non-inter-level travel time spent in this place.
 C = Inter-level travel time spent in this place.
 D = Time resting spent in this place.
 E = Time spent auto-exploring this place.
 F = Levels seen in this place.
 G = Mean time per level.
                   A        B        C        D        E       F      G
               +--------+--------+--------+--------+--------+-----+--------+
         Total |   1286 |   1140 |    146 |    161 |    742 |   2 |  643.0 |
       Dungeon |   1286 |   1140 |    146 |    161 |    742 |   2 |  643.0 |
               +--------+--------+--------+--------+--------+-----+--------+

Top non-repeatable levels by time:
     D:1: 1237 daAuts
     D:2: 48 daAuts
